 Dungeon Crawl Stone Soup version 0.31-a0-750-gfe7b580527 (webtiles) character file.

Game seed: 3885444472203449640

23 cforsyth the Sneak (level 3, -8/30 HPs)
             Began as a Djinni Delver on Sept 14, 2023.
             Mangled by a wyvern (11 damage)
             ... on level 5 of the Dungeon.
             The game lasted 00:01:44 (164 turns).

cforsyth the Sneak (Djinni Delver)                   Turns: 164, Time: 00:01:44

Health: -8/30      AC:  3    Str: 11    XL:     3   Next: 12%
Gold:   0          EV: 12    Int: 13    God:
                   SH:  0    Dex: 14

rFire   + + .        a - +0 falchion
rCold   x . .        (no shield)
rNeg    . . .        b - +0 leather armour
rPois   ∞            (no helmet)
rElec   .            (no cloak)
rCorr   .            (no gloves)
SInv    .            (boots unavailable)
Will    .....        (no amulet)
Stlth   ++           (no ring)
HPRegen 0.25/turn    (no ring)
MPRegen 0.00/turn

%: infuse magic (-9 HP)
@: flying, hasted, very quick
A: sickness immunity, fire resistance 2, cold vulnerability 1, float, innate
caster, HP casting, extra vitality 1
a: no special abilities


You were on level 5 of the Dungeon.
You visited 1 branch of the dungeon, and saw 3 of its levels.

Inventory:

Hand Weapons
 a - a +0 falchion (weapon)
Armour
 b - a +0 leather armour (worn)
Wands
 g - a wand of digging (3)
Scrolls
 c - a scroll of fog
 d - a scroll of revelation
 h - a scroll of identify {unknown}


   Skills:
 + Level 3.5 Fighting
 - Level 1.7 Long Blades
 - Level 2.1 Dodging
 - Level 4.1 Stealth
 + Level 1.1 Spellcasting
 + Level 1.1 Conjurations
 + Level 1.1 Hexes
   Level 0.0 Charms
 + Level 1.1 Summonings
 + Level 1.1 Necromancy
 + Level 1.1 Translocations
 + Level 1.1 Transmutations
 + Level 1.1 Fire Magic
 + Level 1.1 Ice Magic
 + Level 1.1 Air Magic
 + Level 1.1 Earth Magic
 + Level 1.1 Poison Magic


You knew the following spells:

 Your Spells              Type           Power      Damage    Failure   Level
a - Freeze                Ice            12%        1d3       24%         1
Your spell library was empty.

Dungeon Overview and Level Annotations

Branches:
Dungeon (6/15)
 Temple: D:4-7

Altars:

Shops:
D:5 (:

Portals:
Abyss: D:5

Annotations:
D:5 2 transporters, cforsyth's ghost, weakling DjDe


Innate Abilities, Weirdness & Mutations

You are immune to sickness and miasma.
You are immune to poison.
Your flesh is very heat resistant. (rF++)
You are vulnerable to cold. (rC-)
You float through the air rather than walking.
You learn spells naturally, not from books.
Your magical power is your life essence.
You have superior vitality. (+4 MHP)


Message History

You feel yourself speed up.
An orc comes into view. It is wielding a +0 flail.
The hound misses you.
A gnoll comes into view. It is wielding a +0 halberd.
The hound attacks as it pursues you! The hound barely misses you.
The gnoll moves out of view.
A sleepcap comes into view.
The gnoll shouts!
The hound attacks as it pursues you! The hound barely misses you.
The sleepcap moves out of view.
The orc closely misses you.
A gnoll bouda comes into view. It is wielding a +0 whip.
The orc hits you with a +0 flail!
* * * LOW HITPOINT WARNING * * *
A gnoll comes into view. It is wielding a +0 spear.
The gnoll shouts!
There is a stone staircase leading down here.
The hound bites you.
* * * LOW HITPOINT WARNING * * *
The gnoll bouda barks out a call to the hunt!
The gnolls pick up the pace!
The gnoll closely misses you.
You fly downwards.
There is a stone staircase leading up here.
You are too injured to fight recklessly!
Okay, then.
Okay, then.
Okay, then.
Okay, then.
You feel as though your hastened speed will last longer.
The hound bites you.
* * * LOW HITPOINT WARNING * * *
The hound barely misses you.
You fly upwards.
Level annotation: 2 transporters, cforsyth's ghost, weakling DjDe The gnoll shouts!
You hear a shout!
The wyvern closely misses you. The orc hits you with a +0 flail.
* * * LOW HITPOINT WARNING * * *
The wyvern bites you!
You die...

.# ##...#
#.## .#
#.## #†#
.# ##.#
#.## ## .#
##..## #
####....#
#....##..#
##...##
##...
..###..ol#
###
.g.gfgh@.#
#...g....#
##...#####
#..## ##


You could see a wyvern, a sleepcap, a gnoll bouda, a hound, 3 gnolls and an orc.

Vanquished Creatures
  2 adders (D:5)
  An ufetubus (D:5)
3 creatures vanquished.

Notes
Turn   | Place    | Note
-------+----------+-------------------------------------------
     0 | D:5      | cforsyth the Djinni Delver began the quest for the Orb.
     0 | D:5      | Reached XP level 1. HP: 20/20 MP: 0/0
     3 | D:5      | Noticed a hound
    21 | D:5      | Found a one-way gate to the infinite horrors of the Abyss.
    21 | D:5      | Noticed cforsyth's ghost (weakling DjDe)
    37 | D:4      | Noticed a killer bee
    37 | D:4      | Noticed a killer bee
    51 | D:5      | Found a transporter.
    51 | D:5      | Noticed a quasit
    55 | D:5      | Found a transporter.
    55 | D:5      | Noticed a small abomination
    71 | D:5      | Reached XP level 2. HP: 18/25 MP: 0/0
    88 | D:5      | Found Hihuraul's Tiny Tomes.
   112 | D:5      | Noticed a wyvern
   153 | D:5      | Reached skill level 1 in Spellcasting
   153 | D:5      | Reached skill level 1 in Conjurations
   153 | D:5      | Reached skill level 1 in Hexes
   153 | D:5      | Reached skill level 1 in Summonings
   153 | D:5      | Reached skill level 1 in Necromancy
   153 | D:5      | Reached skill level 1 in Translocations
   153 | D:5      | Reached skill level 1 in Transmutations
   153 | D:5      | Reached skill level 1 in Fire Magic
   153 | D:5      | Reached skill level 1 in Ice Magic
   153 | D:5      | Reached skill level 1 in Air Magic
   153 | D:5      | Reached skill level 1 in Earth Magic
   153 | D:5      | Reached skill level 1 in Poison Magic
   153 | D:5      | Reached XP level 3. HP: 15/30 MP: 0/0
   153 | D:5      | Learned a level 1 spell: Freeze
   164 | D:5      | Mangled by a wyvern

Illustrated notes

Levels and vault maps discovered:
D:4:      layout_cave_pools, serial_shops, shop, minmay_parallelograms,
          serial_bayou_ford_a
D:5:      layout_layer_cave, kennysheep_ying_yang, nemelex_diamond_rough_becter,
          pdpol_wu_jian_five_deadly_venoms, gammafunk_ghost_abyssal_escape,
          serial_shops, nicolae_shop_stone, nicolae_shop_i_like_small_books_too
D:6:      layout_basic, mainiacjoe_overflow_boulevard, cheibrodos_worm_habitat,
          nicolae_gozag_seed_capital

Skill      XL: |  1  2 |
---------------+-------+-----
Spellcasting   | 1 |  1.1
Conjurations   | 1 |  1.1
Hexes          | 1 |  1.1
Summonings     | 1 |  1.1
Necromancy     | 1 |  1.1
Translocations | 1 |  1.1
Transmutations | 1 |  1.1
Fire Magic     | 1 |  1.1
Ice Magic      | 1 |  1.1
Air Magic      | 1 |  1.1
Earth Magic    | 1 |  1.1
Poison Magic   | 1 |  1.1
Fighting       | |  3.5
Long Blades    | |  1.7
Dodging        | |  2.1
Stealth        | |  4.1

Action                     || total
---------------------------++-------
  Melee: Falchion          ||    20
    Use: Scroll            ||     1
         Potion            ||     2
 Armour: Leather armour    ||    23
  Dodge: Dodged            ||    32

Table legend: (Time is in decaauts)
 A = Elapsed time spent in this place.
 B = Non-inter-level travel time spent in this place.
 C = Inter-level travel time spent in this place.
 D = Time resting spent in this place.
 E = Time spent auto-exploring this place.
 F = Levels seen in this place.
 G = Mean time per level.
                   A        B        C        D        E       F      G
               +--------+--------+--------+--------+--------+-----+--------+
         Total |    165 |    165 |      0 |      0 |     19 |   3 |   55.0 |
       Dungeon |    165 |    165 |      0 |      0 |     19 |   3 |   55.0 |
               +--------+--------+--------+--------+--------+-----+--------+

Top non-repeatable levels by time:
     D:5: 161 daAuts
     D:6: 1 daAuts
     D:4: 1 daAuts
